 Dungeon Sprint DCSS version 0.21.2 (webtiles) character file.

583 Fang the Fighter (level 7, -11/52 HPs)
             Began as a Gargoyle Berserker on Dec 21, 2018.
             Was an Elder of Trog.
             Mangled by a phantasmal warrior (23 damage)
             ... in the Dungeon (Sprint VII: "The Pits").
             The game lasted 00:02:07 (989 turns).

Fang the Fighter (Gargoyle Berserker)                Turns: 989, Time: 00:02:08

Health: -11/52     AC: 19    Str: 22    XL:     7   Next: 37%
Magic:  7/7        EV:  8    Int:  8    God:    Trog [****..]
Gold:   0          SH:  0    Dex:  9    Spells: 6/6 levels left

rFire    . . .     SeeInvis .   m - +0 hand axe (freeze)
rCold    . . .     Gourm    .   (no shield)
rNeg     + . .     Faith    .   n - +2 plate armour
rPois    ∞         Spirit   .   (no helmet)
rElec    +         Reflect  .   (no cloak)
rCorr    .         Harm     .   (no gloves)
MR       .....     NoTele   +   (no boots)
Stlth    ..........             (no amulet)
HPRegen  0.17/turn              (no ring)
MPRegen  0.10/turn              (no ring)

@: vulnerable
A: negative energy resistance 1, electricity resistance, unbreathing,
petrification resistance, rot immunity, AC +4
a: Berserk, Trog's Hand, Brothers in Arms, Burn Spellbooks, Renounce Religion


You were in the Dungeon.
You worshipped Trog.
Trog was greatly pleased with you.
You were near starving.

You visited 1 branch

Inventory:

Hand Weapons
 j - a +2 hand axe
 m - a +0 hand axe of freezing (weapon)
Armour
 b - a +0 animal skin
 n - a +2 plate armour (worn)
Scrolls
 i - a scroll of blinking
 k - 3 scrolls of remove curse
 l - a scroll of summoning
Potions
 a - 2 potions of invisibility
 d - 6 potions of curing
 e - 6 potions of heal wounds
 f - a potion of haste
 g - 4 potions of magic
 h - 3 potions of berserk rage
Comestibles
 c - 9 rations


   Skills:
 + Level 9.9 Fighting
 + Level 9.6 Axes
 + Level 5.3 Armour
 + Level 5.7 Dodging
 + Level 1.6 Stealth


You had 6 spell levels left.
You didn't know any spells.

Dungeon Overview and Level Annotations

Branches:
Dungeon (1/1)

Altars:


Innate Abilities, Weirdness & Mutations

You are resistant to torment.
Your stone body is resilient. (AC +4)
You are immune to poison.
You resist negative energy. (rN+)
You are resistant to electric shocks. (rElec)
You can survive without breathing.
You are immune to petrification.
You are immune to rotting.


Message History

Trog accepts your kill.
Trog appreciates your killing of a magic user.
There is an open door here.
Unknown command.
You start resting.
You are near starving!
You open the door.
A phantasmal warrior comes into view.
You hit the phantasmal warrior but do no damage.
The phantasmal warrior hits you!
Your magical defenses are stripped away!
You closely miss the phantasmal warrior.
The phantasmal warrior hits you but does no damage.
You're too hungry.
You hit the phantasmal warrior but do no damage.
The phantasmal warrior hits you!!
* * * LOW HITPOINT WARNING * * *
You closely miss the phantasmal warrior.
The phantasmal warrior hits you!!
You die...

#.#..#.))).##.......#
#'###########.......#
#.......# #########
#..#)#..# #.##.##.#
#.......#+#
#.##.##.#.+
#..#.#..#W#
#.......'@#
###########


You could see a phantasmal warrior.

Vanquished Creatures
  Menkaure (D)
  A necrophage (D)
  An ogre (D)
  A crimson imp (D)
  An iguana (D)
  A worker ant (D)
  2 ball pythons (D)
  A giant cockroach (D)
  A hobgoblin (D)
  2 frilled lizards (D)
  2 kobolds (D)
14 creatures vanquished.

Vanquished Creatures (collateral kills)
  A deep elf mage (D)
  A mummy (D)
2 creatures vanquished.

Grand Total: 16 creatures vanquished

Notes
Turn   | Place    | Note
-------+----------+-------------------------------------------
     0 | D        | Fang the Gargoyle Berserker began the quest for the Orb.
     0 | D        | Reached XP level 1. HP: 14/14 MP: 1/1
    51 | D        | Noticed a worker ant
    69 | D        | Killed a worker ant
    69 | D        | Reached ** piety under Trog
    69 | D        | Reached skill level 5 in Fighting
    69 | D        | Reached XP level 2. HP: 9/21 MP: 2/2
    69 | D        | Reached XP level 3. HP: 12/26 MP: 3/3
   286 | D        | Reached *** piety under Trog
   292 | D        | Reached skill level 5 in Axes
   292 | D        | Reached XP level 4. HP: 19/32 MP: 4/4
   494 | D        | Reached **** piety under Trog
   497 | D        | Noticed an ogre
   497 | D        | Noticed a deep elf mage
   498 | D        | Noticed a necrophage
   504 | D        | Killed an ogre
   504 | D        | Reached XP level 5. HP: 22/38 MP: 5/5
   513 | D        | Killed a necrophage
   513 | D        | Reached XP level 6. HP: 19/45 MP: 6/6
   517 | D        | Killed a deep elf mage
   517 | D        | Reached skill level 5 in Armour
   517 | D        | Reached skill level 5 in Dodging
   517 | D        | Reached skill level 1 in Stealth
   517 | D        | Reached XP level 7. HP: 4/51 MP: 7/7
   922 | D        | Noticed Menkaure
   935 | D        | Killed Menkaure
   985 | D        | Noticed a phantasmal warrior
   989 | D        | Mangled by a phantasmal warrior

Skill      XL: |  1  2  3  4  5  6 |
---------------+-------------------+-----
Axes           | 4 5 6 7 9 |  9.6
Fighting       | 5 7 8 9 |  9.9
Dodging        | 2 4 5 |  5.7
Armour         | 3 4 5 |  5.3
Stealth        | 1 |  1.6

Action                   |  1- 3 |  4- 6 |  7- 9 || total
-------------------------+-------+-------+-------++-------
Melee: Hand axe          |    39 |    21 |    17 ||    77
Invok: Berserk           |       |     1 |       ||     1
       Brothers in Arms  |       |     1 |       ||     1
 Stab: Distracted        |       |     1 |       ||     1
Armor: Animal skin       |    11 |       |       ||    11
       Plate armour      |       |     9 |     3 ||    12
Dodge: Dodged            |    32 |     5 |     3 ||    40
